AoeStats
← saiko

MegaRandom

509522638Analyzed
4v4 RM · 4d ago on Sep 27, 2026· 81m 33s· 8 players
Game mode
Random Map
Map size
Large (8 player)
Population
200
Speed
Normal
Resources
Standard
Victory
Conquest
Starting age
Dark Age
Ending age
Imperial Age
RankedLock teamsTeams togetherTeam positionsShared explorationLock speedFull tech treeHidden civsTurbo modeCheats
Victory
Defeat
🇫🇷 Poles · France
1083
+13
🇨🇦 Khmer · Canada
1072
+13
🇨🇳 Koreans · China
1062
+14
🇩🇪 Huns · Germany
920
+19
🇺🇸 Georgians · United States
1047
-16
🇲🇽 Teutons · Mexico
1042
-16
🇺🇸 Franks · United States
989
-14
🇺🇸 Persians · United States
958
-24
Gustatro
7:53 Loom
14:11 Feudal Age
20:33 Castle Age
20:10 Stone Mining
20:07 Horse Collar
23:53 Fletching
Elispar
3:26 Loom
11:31 Feudal Age
17:30 Castle Age
15:29 Double-Bit Axe
15:28 Horse Collar
23:03 Gold Mining
23:07 Stone Mining
24:19 Wheelbarrow
25:32 Fletching
32:50 Scale Barding Armor
32:56 Forging
33:56 Hand Cart
34:04 Hand Cart
37:59 Imperial Age
36:45 Husbandry
39:33 Chain Barding Armor
39:54 Bow Saw
39:51 Heavy Plow
40:41 Conscription
39:44 Elite Monaspa
41:14 Plate Barding Armor
41:16 Iron Casting
41:35 Bloodlines
42:17 Aznauri Cavalry
43:48 Gold Mining
46:42 Capped Ram
52:40 Padded Archer Armor
52:35 Bodkin Arrow
53:50 Elite Skirmisher
55:31 Leather Archer Armor
55:16 Bracer
57:53 Chemistry
57:13 Ballistics
Valkyrie
9:44 Loom
12:39 Feudal Age
17:25 Castle Age
15:52 Double-Bit Axe
16:13 Gold Mining
19:15 Wheelbarrow
20:08 Bow Saw
20:57 Husbandry
22:42 Fervor
30:08 Imperial Age
28:23 Loom
31:21 Gold Shaft Mining
30:10 Cavalier
31:20 Hand Cart
31:43 Treadmill Crane
33:08 Paladin
37:05 Stone Mining
37:29 Scale Barding Armor
37:35 Forging
38:15 Conscription
38:06 Chivalry
38:37 Chain Barding Armor
39:54 Iron Casting
40:46 Plate Barding Armor
44:43 Blast Furnace
48:37 Caravan
56:10 Ordonnance Companies
58:18 Hoardings
58:47 Elite Throwing Axeman
59:40 Squires
59:56 Scale Mail Armor
59:44 Arson
61:37 Chain Mail Armor
62:53 Plate Mail Armor
67:18 Ballistics
TheDorkLord8
12:12 Feudal Age
10:30 Loom
14:46 Double-Bit Axe
17:06 Wheelbarrow
17:46 Horse Collar
20:54 Castle Age
18:43 Loom
20:11 Scale Barding Armor
20:18 Forging
22:34 Stone Mining
22:35 Gold Mining
24:37 Chain Barding Armor
24:53 Iron Casting
24:46 Hand Cart
26:25 Heavy Plow
29:21 Gold Shaft Mining
28:56 Padded Archer Armor
28:47 Fletching
33:36 Imperial Age
35:47 Crop Rotation
36:02 Elite War Elephant
63:48 Crossbowman
64:37 Thumb Ring
65:29 Kamandaran
68:53 Leather Archer Armor
69:46 Blast Furnace
71:53 Bodkin Arrow
72:31 Ring Archer Armor
72:41 Plate Barding Armor
73:37 Ring Archer Armor
saiko
10:20 Loom
13:18 Feudal Age
13:50 Double-Bit Axe
18:40 Castle Age
18:49 Padded Archer Armor
18:41 Fletching
21:54 Bow Saw
24:09 Horse Collar
30:38 Bloodlines
30:50 Gold Mining
34:24 Scale Barding Armor
35:31 Ballistics
38:10 Imperial Age
36:28 Wheelbarrow
36:46 Coinage
36:48 Chain Barding Armor
36:55 Light Cavalry
37:36 Husbandry
38:01 Hand Cart
39:29 Conscription
40:22 Chemistry
40:00 Plate Barding Armor
39:36 Forging
40:25 Hussar
41:55 Elite Ballista Elephant
43:24 Cavalier
44:46 Iron Casting
44:09 Bodkin Arrow
46:49 Double Crossbow
51:00 Capped Ram
51:02 Heavy Scorpion
72:09 Pikeman
Guerilla62
0:44 Loom
10:17 Feudal Age
11:43 Wheelbarrow
11:26 Double-Bit Axe
13:23 Horse Collar
17:01 Gold Mining
17:28 Stone Mining
23:05 Castle Age
21:41 Scale Barding Armor
22:09 Forging
23:39 Bloodlines
23:50 Heavy Plow
24:07 Bow Saw
24:39 Gold Shaft Mining
24:32 Hand Cart
26:13 Chain Barding Armor
26:46 Marauders
27:13 Husbandry
29:06 Iron Casting
39:51 Imperial Age
41:15 Plate Barding Armor
41:40 Blast Furnace
55:48 Elite Tarkan
64:51 Two-Man Saw
63:15 Light Cavalry
523988158
0:34 Loom
12:21 Feudal Age
13:04 Man-at-Arms
23:33 Castle Age
21:48 Double-Bit Axe
22:05 Horse Collar
23:58 Wheelbarrow
26:55 Bow Saw
26:51 Heavy Plow
32:48 Scale Barding Armor
37:32 Imperial Age
35:08 Squires
34:53 Arson
35:03 Pikeman
36:05 Stone Mining
36:07 Gold Mining
36:51 Scale Mail Armor
36:43 Fletching
37:33 Husbandry
38:56 Elite Fire Lancer
41:11 Halberdier
43:48 Hand Cart
44:36 Elite War Wagon
47:21 Forging
47:49 Bodkin Arrow
50:10 Capped Ram
60:39 Chain Mail Armor
60:59 Iron Casting
60:25 Bracer
67:11 Conscription
66:54 Eupseong
77:47 Chemistry
76:43 Murder Holes
79:17 Shinkichon
79:30 Long Swordsman
79:40 Cavalier
79:40 Light Cavalry
uselessplayer
9:43 Loom
12:22 Feudal Age
14:03 Double-Bit Axe
13:59 Horse Collar
16:16 Town Watch
18:17 Gold Mining
18:27 Stone Mining
20:50 Castle Age
18:43 Stone Mining
20:00 Gold Mining
22:08 Bow Saw
22:00 Heavy Plow
23:20 Wheelbarrow
25:06 Scale Barding Armor
25:13 Bloodlines
25:03 Husbandry
33:58 Imperial Age
31:19 Light Cavalry
32:21 Chain Barding Armor
32:12 Forging
34:13 Hand Cart
37:05 Coinage
37:57 Winged Hussar
39:55 Pikeman
40:35 Squires
41:12 Iron Casting
40:37 Scale Mail Armor
41:37 Stone Shaft Mining
41:34 Crop Rotation
44:02 Blast Furnace
43:04 Scale Mail Armor
42:51 Arson
43:30 Elite Obuch
44:35 Conscription
45:44 Szlachta Privileges
46:05 Lechitic Legacy
47:03 Fletching
47:32 Chain Mail Armor
50:10 Plate Mail Armor
50:12 Ballistics
49:51 Murder Holes
63:07 Hoardings
71:55 Capped Ram
72:13 Cavalier
75:52 Fletching
76:18 Masonry
78:02 Bodkin Arrow
78:52 Cavalier
Connection lost

Rejoining the realm…

Still unreachable

The connection could not be restored.

Session expired

The server has moved on; the page needs a fresh start.